 Dungeon Crawl Stone Soup version 0.18-a0-1670-gb40d73e (webtiles) character file.

2983 Kidiri the Thaumaturge (level 9, -2/45 HPs)
             Began as a Deep Elf Fire Elementalist on Apr 1, 2016.
             Was a Follower of Vehumet.
             Slain by a wraith (12 damage)
             ... in an ossuary.
             The game lasted 00:25:59 (8745 turns).

Kidiri the Thaumaturge (Deep Elf Fire Elementalist) Turns: 8745, Time: 00:26:01

Health: -2/45      AC:  3    Str:  5    XL:     9   Next: 53%
Magic:  29/38      EV: 16    Int: 24    God:    Vehumet [*.....]
Gold:   439        SH:  5    Dex: 15    Spells: 8 memorised, 2 levels left

rFire  . . .     SeeInvis .     e - staff of power
rCold  . . .     Gourm    .     a - +0 robe
rNeg   . . .     Faith    .     h - +0 buckler
rPois  .         Spirit   .     (no helmet)
rElec  .         Dismiss  .     (no cloak)
rCorr  .         Reflect  .     d - +0 pair of gloves
SustAt .         Harm     .     (no boots)
MR     .....                    (no amulet)
Stlth  ++........               (no ring)
                                w - ring of wizardry

@: slowed, repel missiles, drained, very slow, not resistant to hostile
enchantments, unstealthy
A: no striking features
a: Renounce Religion


You were in an ossuary.
You worshipped Vehumet.
Vehumet was aware of your devotion.
You were not hungry.

You visited 2 branches of the dungeon, and saw 9 of its levels.
You also visited: Ossuary.

You collected 439 gold pieces.

Inventory:

Hand Weapons
 l - a +3 short sword of venom
Armour
 a - a +0 robe (worn)
 d - a +0 pair of gloves (worn)
 h - a +0 buckler (worn)
Magical Staves
 e - an uncursed staff of power (weapon)
Jewellery
 w - a ring of wizardry (left hand)
Wands
 r - a wand of flame (48/48)
Scrolls
 f - 2 scrolls of recharging
 i - 4 scrolls of teleportation
 n - a scroll of immolation
 o - 8 scrolls of remove curse
Potions
 b - a potion of brilliance {unknown}
 g - a potion of magic
 k - a potion of might
 m - a potion of haste
 p - a potion of agility
 q - 4 potions of curing
 s - a potion of mutation {unknown}
 t - a potion of ambrosia
 u - a potion of degeneration {unknown}
 v - a potion of flight {unknown}
Comestibles
 c - 6 bread rations
 j - 4 meat rations


   Skills:
 + Level 3.2(2.9) Armour
 * Level 7.8(7.4) Dodging
 - Level 2.4(2.1) Stealth
 + Level 3.1(2.8) Shields
 * Level 8.5(8.2) Spellcasting
 + Level 4.7(4.4) Conjurations
 + Level 4.9(4.6) Hexes
 + Level 2.4(2.1) Charms
 + Level 5.9(5.6) Fire Magic
 + Level 1.7(1.4) Air Magic
 + Level 1.6(1.4) Poison Magic


You had 2 spell levels left.
You knew the following spells:

 Your Spells              Type           Power        Failure   Level  Hunger
a - Flame Tongue          Conj/Fire      ####.        1%          1    None
b - Throw Flame           Conj/Fire      ####..       1%          2    None
c - Conjure Flame         Conj/Fire      ####....     1%          3    None
d - Inner Flame           Hex/Fire       ####....     1%          3    None
e - Sticky Flame          Conj/Fire      ####....     4%          4    ##.....
f - Fireball              Conj/Fire      ####......   12%         5    #####..
g - Repel Missiles        Chrm/Air       ###...       3%          2    None
h - Mephitic Cloud        Conj/Pois/Air  ###.....     4%          3    None


Dungeon Overview and Level Annotations

Branches:
Dungeon (8/15)             Temple (1/1) D:6
   Lair: D:8-11

Altars:
Ashenzari
Cheibriados
Dithmenos
Elyvilon
Fedhas
Gozag
Makhleb
Nemelex Xobeh
Pakellas
Qazlal
Ru
Sif Muna
Vehumet
Yredelemnul
Zin
The Shining One

Shops:
D:5 =   D:6 *


Message History

Confirm with . or Enter, or press ? or * to list all spells.
Aiming: Flame Tongue
Press: ? - help, Shift-Dir - straight line, f/p - wraith
Aim: a wraith (heavily damaged)
The flame tongue misses the wraith.
The wraith hits you. The wraith drains your vigour!
You feel as though you will be slow longer.
Casting: Flame Tongue
Confirm with . or Enter, or press ? or * to list all spells.
Aiming: Flame Tongue
Press: ? - help, Shift-Dir - straight line, f/p - wraith
Aim: a wraith (heavily damaged)
The flame tongue hits the wraith.
The wraith is heavily damaged.
The wraith hits you!
* * * LOW HITPOINT WARNING * * *
The wraith drains your vigour!
You feel as though you will be slow longer.
The wraith hits you!
You die...

!!.# .# ?/.##
.# ... .# ...
.# # #.## .# #.
#.#.#.#
#.+##.###.##W.#
#..........@..#
#######'#######
#.# ###.###
#W▓.▓z# ###.###
#.# #'# #.#


You could see a wraith.

Vanquished Creatures
  The ghost of Ontamu the Basher, a novice GrFi (D:5)
  A hippogriff (D:7)
  A water moccasin (D:6)
  2 black bears
  A necrophage (D:5)
  A sky beast (D:5)
  3 ogres
  2 centaurs
  A gnoll sergeant (D:7)
  4 giant frogs
  3 scorpions
  A water moccasin skeleton (D:7)
  6 wights
  2 howler monkeys
  A centaur zombie (Ossuary)
  4 crimson imps
  The ghost of crawlian the Firebug, a weakling DEFE (D:4)
  2 jellies
  3 hounds
  An orc wizard (D:3)
  3 iguanas
  Natasha (thrice) (D:3)
  2 worker ants (D:6)
  A hound skeleton (D:4)
  A mummy (D:8)
  2 worker ant zombies
  6 adders
  9 gnolls
  A shadow imp (D:6)
  An adder zombie (Ossuary)
  2 adder skeletons
  2 worms
  3 dart slugs (D:1)
  5 giant geckos
  8 orcs
  4 ball pythons
  4 giant cockroaches
  10 goblins
  3 hobgoblins
  15 jackals
  10 kobolds
  5 quokkas
  2 ball python skeletons (D:4)
  8 bats
  6 giant newts
  A hobgoblin skeleton (Ossuary)
  A hobgoblin zombie (Ossuary)
  3 kobold zombies
  An orc skeleton (Ossuary)
  An orc zombie (D:8)
  5 rats
169 creatures vanquished.

Notes
Turn   | Place    | Note
--------------------------------------------------------------
     0 | D:1      | Kidiri the Deep Elf Fire Elementalist began the quest for the Orb.
     0 | D:1      | Reached XP level 1. HP: 10/10 MP: 6/6
    91 | D:1      | Reached XP level 2. HP: 4/15 MP: 0/8
   134 | D:1      | Learned a level 2 spell: Throw Flame
   543 | D:1      | Reached XP level 3. HP: 19/19 MP: 0/10
   548 | D:1      | Learned a level 3 spell: Conjure Flame
   552 | D:1      | Learned a level 3 spell: Inner Flame
  1213 | D:2      | Reached skill level 4 in Spellcasting
  1439 | D:2      | Found a deep blue altar of Sif Muna.
  1661 | D:2      | Reached XP level 4. HP: 21/24 MP: 8/12
  2320 | D:3      | Noticed Natasha
  2329 | D:3      | Killed Natasha
  2329 | D:3      | Reached skill level 1 in Hexes
  2329 | D:3      | Reached XP level 5. HP: 12/28 MP: 9/13
  2352 | D:3      | Noticed Natasha
  2363 | D:3      | Killed Natasha
  2523 | D:3      | Learned a level 4 spell: Sticky Flame
  2614 | D:3      | Noticed Natasha
  2620 | D:3      | Killed Natasha
  2728 | D:3      | Reached skill level 1 in Armour
  2728 | D:3      | Reached skill level 1 in Shields
  2728 | D:3      | Reached skill level 5 in Spellcasting
  2822 | D:3      | Reached XP level 6. HP: 29/32 MP: 8/15
  2922 | D:3      | Found a glowing silver altar of Zin.
  2922 | D:3      | Found a white marble altar of Elyvilon.
  2922 | D:3      | Found a glowing golden altar of the Shining One.
  3881 | D:4      | Noticed crawlian's ghost (weakling DEFE)
  3884 | D:4      | Killed crawlian's ghost
  3884 | D:4      | Reached XP level 7. HP: 36/36 MP: 6/17
  4337 | D:5      | Entered Level 5 of the Dungeon
  4375 | D:5      | Reached skill level 5 in Dodging
  4397 | D:5      | Noticed Ontamu's ghost (novice GrFi)
  4523 | D:5      | Identified a -3 rod of clouds (10/10) (You found it on level 5 of the Dungeon)
  4573 | D:5      | Killed Ontamu's ghost
  4573 | D:5      | Reached skill level 6 in Spellcasting
  4611 | D:5      | Learned a level 5 spell: Fireball
  4659 | D:5      | Reached XP level 8. HP: 9/41 MP: 7/20
  4819 | D:5      | Found Cotai's Jewellery Boutique.
  4995 | D:5      | Reached skill level 7 in Spellcasting
  4995 | D:5      | Reached skill level 5 in Fire Magic
  5541 | D:6      | Found a staircase to the Ecumenical Temple.
  5560 | Temple   | Entered the Ecumenical Temple
  5650 | Temple   | Became a worshipper of Vehumet
  6147 | D:6      | Found Vaebaqub's General Store.
  6639 | D:6      | Reached XP level 9. HP: 45/45 MP: 22/22
  6770 | D:7      | Learned a level 2 spell: Repel Missiles
  6774 | D:7      | Learned a level 3 spell: Mephitic Cloud
  6878 | D:7      | Found a sacrificial altar of Ru.
  6879 | D:7      | Found a burning altar of Makhleb.
  6879 | D:7      | Found a stormy altar of Qazlal.
  6889 | D:7      | Found a basalt altar of Yredelemnul.
  6889 | D:7      | Found a sparkling altar of Nemelex Xobeh.
  6892 | D:7      | Found an opulent altar of Gozag.
  6893 | D:7      | Found a shadowy altar of Dithmenos.
  7034 | D:7      | Reached * piety under Vehumet
  7034 | D:7      | Offered knowledge of Shock by Vehumet.
  7034 | D:7      | Reached skill level 1 in Charms
  7300 | D:7      | Reached skill level 8 in Spellcasting
  7304 | D:7      | Reached skill level 1 in Air Magic
  7506 | D:7      | Reached skill level 1 in Poison Magic
  8374 | D:8      | Found a sand-covered staircase.
  8381 | Ossuary  | Entered an ossuary
  8745 | Ossuary  | Slain by a wraith

Vault maps used:
D:1:      tarquinn_simple_flora_water_f
D:2:      led_sif_pool
D:3:      good_gods_mini_temple, hex_large, uniq_natasha
D:4:      kennysheep_spiral_hall, minmay_misc_feat_roman
D:5:      serial_shops, shop_coins, first_bread
D:6:      minmay_temple_entry_large_hall, serial_shops, shop
D:7:      grunt_temple_overflow_open
D:8:      serial_shops, shop, nicolae_ossuary_entry_giza, david_nohive_1
Temple:   circular_temple_6
Ossuary:  ossuary_due_cavern

Skill      XL: |  1  2  3  4  5  6  7  8  9 |
---------------+----------------------------+-----
Spellcasting   | 4 5 6 7 8 |  8.5
Conjurations   | 2 3 4 |  4.7
Dodging        | 3 4 5 6 7 |  7.8
Hexes          | 1 2 3 4 |  4.9
Fire Magic     | 4 5 |  5.9
Armour         | 1 2 3 |  3.2
Shields        | 1 2 3 |  3.1
Charms         | 2 |  2.4
Air Magic      | 1 |  1.7
Poison Magic   | 1 |  1.6
Stealth        | |  2.4

Action                   |  1- 3 |  4- 6 |  7- 9 || total
-------------------------+-------+-------+-------++-------
Melee: Dagger            |     6 |       |       ||     6
       Short sword       |     6 |    44 |    36 ||    86
       Staff             |       |       |     4 ||     4
 Cast: Flame Tongue      |    41 |    62 |   177 ||   280
       Throw Flame       |    24 |    20 |    34 ||    78
       Sticky Flame      |       |     2 |    10 ||    12
       Conjure Flame     |       |     1 |    16 ||    17
       Inner Flame       |       |     1 |     3 ||     4
       Fireball          |       |       |     1 ||     1
       Repel Missiles    |       |       |     1 ||     1
  Use: Potion            |     1 |     1 |     2 ||     4
       Scroll            |     5 |     3 |     8 ||    16
 Stab: Sleeping          |     1 |     4 |     2 ||     7
  Eat: Chunk             |     3 |     7 |    10 ||    20
       Pizza             |       |       |     1 ||     1
       Beef jerky        |       |       |     2 ||     2
       Fruit             |       |       |     1 ||     1
